 Dungeon Crawl Stone Soup version 0.17-a0-1141-g3e25b61 (webtiles) character file.

84 Hanyuu the Insei (level 4, 0/28 HPs)
             Began as an Octopode Transmuter on May 26, 2015.
             Splashed by a jelly's acid (9 damage)
             ... on level 2 of the Dungeon.
             The game lasted 00:04:46 (1792 turns).

Hanyuu the Insei (Octopode Transmuter)              Turns: 1792, Time: 00:04:46

Health: 0/28       AC: -3    Str:  9    XL:     4   Next: 46%
Magic:  4/7        EV: 20    Int: 16    God:
Gold:   77         SH:  0    Dex: 20    Spells: 3 memorised, 1 level left

rFire  . . .     SeeInvis .       - Unarmed
rCold  . . .     Clarity  .     (shield currently unavailable)
rNeg   . . .     SustAt   .     (helmet currently unavailable)
rPois  x         Gourm    .     (no amulet)
rElec  .         Spirit   .     r - +3 ring of dexterity
rCorr  .         Warding  .     (no ring)
rMut   .         Stasis   .     (no ring)
MR     .....                    (no ring)
Stlth  ++........               (no ring)
                                (no ring)
                                (no ring)
                                (no ring)

@: spider-form, corroded equipment, not resistant to hostile enchantments,
unstealthy
A: almost no armour, amphibious, 8 rings, (constrict 8), (camouflage 0),
(gelatinous body 0)
a: End Transformation


You were on level 2 of the Dungeon.
You were not hungry.
You were a venomous arachnid creature.
You visited 1 branch of the dungeon, and saw 2 of its levels.

You collected 77 gold pieces.

Inventory:

Missiles
 a - 28 arrows
 j - a throwing net (quivered)
Jewellery
 r - a +3 ring of dexterity (left front leg)
Scrolls
 d - a scroll of random uselessness {unknown}
 e - a scroll of recharging {unknown}
 f - 2 scrolls of identify {unknown}
 g - 2 scrolls of teleportation {unknown}
 i - a scroll of blinking {unknown}
 n - a scroll of noise {unknown}
 o - a scroll of remove curse {unknown}
 q - a scroll of fog {unknown}
Potions
 k - 2 potions of heal wounds {unknown}
 l - a potion of curing {unknown}
Books
 b - a book of Changes

   Spells                             Type                      Level
   a - Beastly Appendage              Transmutation                1
   b - Sticks to Snakes               Transmutation                2
   c - Spider Form                    Transmutation/Poison         3
   d - Ice Form                       Ice/Transmutation            4
   e - Blade Hands                    Transmutation                5
Comestibles
 c - 3 bread rations
 h - 4 beef jerkies
 m - a chunk of flesh
 p - a meat ration


   Skills:
 - Level 1.0 Fighting
 - Level 2.0 Dodging
 * Level 4.8 Unarmed Combat
 - Level 2.0 Spellcasting
 - Level 2.5 Transmutations


You had one spell level left.
You knew the following spells:

 Your Spells              Type           Power        Failure   Level  Hunger
a - Beastly Appendage     Trmt           #.....       24%         1    #......
b - Sticks to Snakes      Trmt           #.........   28%         2    ###....
c - Spider Form           Trmt/Pois      #.........   61%         3    ###....


Dungeon Overview and Level Annotations

Branches:
Dungeon (2/15)

Altars:
Xom


Innate Abilities, Weirdness & Mutations

You cannot wear most types of armour.
You are amphibious.
You can wear up to eight rings at the same time.
((You can use your tentacles to constrict eight enemies at once.))
((Your skin changes colour to match your surroundings (Stealth).))
((Your rubbery body absorbs attacks (AC +1).))


Message History

This raw flesh tastes terrible.
You continue eating. x2
Casting: Beastly Appendage
Confirm with . or Enter, or press ? or * to list all spells.
You turn into a venomous arachnid creature.
You open the door.
The jelly jiggles.
You hit the jelly. The acid corrodes your equipment!
Your front legs burn!
The jelly is moderately wounded.
The jelly barely misses you.
You barely miss the jelly.
The jelly is moderately wounded.
The jelly hits you.
You are splashed with acid!
The acid burns!
You hit the jelly.
The jelly is poisoned.
Your front legs burn!
The jelly is heavily wounded.
The jelly misses you.
You barely miss the jelly.
The jelly is severely wounded.
The jelly hits you.
You are splashed with acid!
The acid burns!
You die...

#.#.# #.# ###..
..#.#.####.# #...$
#.#.#......#
#....#####.#.#.#######
#.......<#.#.#>.......
#.....##.#.#.#.#######
#..............#
#..............########
#...%..s..............#
#....#J##'##'#........#
###+##.##.##.#........#
##+##+##'#.########
#.......#.#
##..._...#.#
###.....##.#
...#######..#
######.......


You could see a jelly.

Vanquished Creatures
  A jelly (D:2)
  An adder (D:2)
  A worm (D:2)
  5 bats (D:1)
  5 giant cockroaches
  5 hobgoblins
  9 kobolds
  A sheep (D:2)
  A ball python (D:1)
  A giant gecko (D:2)
  2 giant newts
  4 goblins
  8 rats
44 creatures vanquished.

Notes
Turn   | Place    | Note
--------------------------------------------------------------
     0 | D:1      | Hanyuu the Octopode Transmuter began the quest for the Orb.
     0 | D:1      | Reached XP level 1. HP: 13/13 MP: 3/3
   194 | D:1      | Reached XP level 2. HP: 13/18 MP: 5/5
   618 | D:1      | Reached skill level 4 in Unarmed Combat
   655 | D:1      | Reached XP level 3. HP: 11/23 MP: 6/6
   659 | D:1      | Learned a level 2 spell: Sticks to Snakes
   663 | D:1      | Learned a level 3 spell: Spider Form
  1516 | D:2      | Found a shimmering altar of Xom.
  1522 | D:2      | Reached XP level 4. HP: 10/28 MP: 7/7
  1792 | D:2      | Splashed by a jelly's acid

Vault maps used:
D:1:      dpeg_arrival_lava_temple_mockup, minmay_splitting_lines
D:2:      kennysheep_six_static_rooms, first_bread, dk_xom_monty_hall,
          uniq_natasha

Action                   |  1- 3 |  4- 6 || total
-------------------------+-------+-------++-------
Melee: Unarmed           |    93 |     8 ||   101
 Cast: Beastly Appendage |     2 |       ||     2
       Spider Form       |       |     1 ||     1
 Stab: Sleeping          |     7 |       ||     7
  Eat: Chunk             |     2 |     1 ||     3
